 Dungeon Crawl Stone Soup version 0.32-a0-520-g344ed53f66 (webtiles) character file.

Game seed: 5240402927352218146

46 ragingrage the Slasher (level 3, -1/29 HPs)
             Began as a Merfolk Chaos Knight on Feb 27, 2024.
             Was a Plaything of Xom.
             Killed by divine providence
             ... invoked by an orc priest
              (14 damage)
             ... on level 4 of the Dungeon.
             The game lasted 00:01:17 (2238 turns).

ragingrage the Slasher (Merfolk Chaos Knight)       Turns: 2238, Time: 00:01:18

Health: -1/29      AC:  6    Str: 12    XL:     3   Next: 66%
Magic:  3/3        EV: 12    Int: 11    God:    Xom [.....*]
Gold:   143        SH:  0    Dex: 15    Spells: 2/2 levels left

rFire   . . .        a - +0 falchion (chaos)
rCold   . . .        (no shield)
rNeg    . . .        b - +2 leather armour
rPois   .            (no helmet)
rElec   .            (no cloak)
rCorr   .            (no gloves)
SInv    .            s - +0 pair of boots
Will    .....        d - amulet of faith
Stlth   ++           (no ring)
HPRegen 0.24/turn    (no ring)
MPRegen 0.08/turn

%: faith
@: brilliant
A: (nimble swimmer 2), mertail
a: Renounce Religion


You were on level 4 of the Dungeon.
You worshipped Xom.
You were Xom's teddy bear.
You visited 1 branch of the dungeon, and saw 4 of its levels.

You collected 143 gold pieces.

Inventory:

Hand Weapons
 a - a +0 falchion of chaos (weapon)
Missiles
 m - 7 boomerangs (quivered)
 t - 6 poisoned darts
Armour
 b - a +2 leather armour (worn)
 s - a +0 pair of boots (worn)
Jewellery
 d - an amulet of faith (around neck)
 o - a ring of fire
Scrolls
 c - a scroll of butterflies
 e - 5 scrolls of identify {unknown}
 g - a scroll of fear {unknown}
 h - a scroll of teleportation {unknown}
 l - a scroll of torment {unknown}
 n - a scroll of poison {unknown}
 p - a scroll of enchant armour {unknown}
 q - a scroll of amnesia {unknown}
Potions
 f - a potion of brilliance {unknown}
 i - 2 potions of curing {unknown}
 j - a potion of lignification {unknown}
 k - a potion of resistance {unknown}
 r - 3 potions of heal wounds {unknown}
 u - a potion of might {unknown}


   Skills:
 - Level 3.2 Fighting
 + Level 5.1 Long Blades
 - Level 0.6 Armour
 - Level 2.6 Dodging
 + Level 1.7 Stealth


You had 2 spell levels left.
You didn't know any spells.
Your spell library contained the following spells:

 Spells                   Type           Power      Damage    Failure   Level
 Mercury Vapours          Alch/Air       0%         N/A       56%         2
 Mephitic Cloud           Conj/Alch/Air  0%         N/A       80%         3
 Freezing Cloud           Conj/Ice/Air   0%         6-21      100%        5
 Conjure Ball Lightning   Conj/Air       0%         3x3d6     100%        6
 Discord                  Hex            0%         N/A       100%        8
 Disjunction              Tloc           0%         N/A       100%        8


Dungeon Overview and Level Annotations

Branches:
Dungeon (4/15)
 Temple: D:4-7

Altars:
Uskayaw
Xom

Shops:
D:2 *

Annotations:
D:3 Ijyb


Innate Abilities, Weirdness & Mutations

((You are very nimble when in or above water. (Stealth+, EV+, Speed+++)))
Your lower body shifts to a powerful aquatic tail in water.


Message History

An endoplasm is nearby!
A kobold, an orc priest and an orc come into view.
A goblin comes into view. It is wielding a +0 club.
The helpless endoplasm fails to defend itself.
You slash the endoplasm! You burn the endoplasm.
You kill the endoplasm!
The orc shouts!
The kobold shouts!
The goblin shouts!
You hear an angry hiss.
The goblin unwields a +0 club.
The goblin wields a +0 sling.
The goblin shoots a sling bullet.
The sling bullet closely misses you.
The orc priest shouts!
There are monsters nearby!
An orc comes into view. It is wielding a +0 flail.
You hear a shout! x3; The orc shouts!
A hobgoblin comes into view.
You hear a shout! x2 2 orcs come into view.
The orc shouts!
You hear a bark!
You hear a shout!
The goblin unwields a +0 sling.
The goblin wields a +0 club.
The goblin hits you with a +0 club.
A hound comes into view.
A ball python comes into view.
An ogre comes into view. It is wielding a +0 giant club.
The orc priest hits you with a +0 short sword.
There are monsters nearby!
Xom grants you a minor favour.
You feel clever all of a sudden.
The goblin unwields a +0 club.
The goblin wields a +0 sling.
The goblin shoots a sling bullet.
The sling bullet closely misses you.
An orc comes into view. It is wielding a +0 war axe.
The orc priest calls down the wrath of Beogh upon you.
Pain shoots through your body!
The goblin shoots a sling bullet.
The sling bullet barely misses you.
The orc priest calls down the wrath of Beogh upon you.
Beogh smites you!
The orc priest calls down the wrath of Beogh upon you.
Pain shoots through your body!
There is a stone staircase leading up here.
The orc priest mumbles some strange prayers to Beogh against you.
Beogh smites you!
You die...
Xom bursts into laughter!

#.# #.# ...
#.# #.# #.#
#.#
##########@#
...##...#.# #
#.#......# #.
#.#=
#.......## ...
... #.#..o..#
#.#
#.##.#.o..##
...#......####
#.#.##S#######
... #.#......


You could see an orc priest and an orc.

Vanquished Creatures
  An adder (D:3)
  A ribbon worm (D:2)
  3 ball pythons
  4 endoplasms
  2 giant cockroaches
  5 goblins
  4 hobgoblins
  A quokka (D:1)
  A bat (D:1)
  3 frilled lizards
  4 kobolds
  2 rats (D:2)
31 creatures vanquished.

Notes
Turn   | Place    | Note
-------+----------+-------------------------------------------
     0 | D:1      | ragingrage the Merfolk Chaos Knight began the quest for the
                  | Orb.
     0 | D:1      | Reached XP level 1. HP: 18/18 MP: 1/1
     2 | D:1      | Noticed an elf
     4 | D:1      | Noticed an armataur
     4 | D:1      | Noticed a draconian
     6 | D:1      | Noticed a gargoyle
     6 | D:1      | Noticed a barachi
     8 | D:1      | Noticed a vine stalker
    10 | D:1      | Noticed a demigod
    10 | D:1      | Noticed a djinni
    12 | D:1      | Noticed a spriggan
    12 | D:1      | Noticed a dwarf
    14 | D:1      | Noticed a ghoul
    14 | D:1      | Noticed a minotaur
    16 | D:1      | Noticed a naga
    18 | D:1      | Noticed a troll
    20 | D:1      | Noticed a vampire
    20 | D:1      | Noticed a formicid
    22 | D:1      | Noticed a demonspawn
    22 | D:1      | Noticed a human
    24 | D:1      | Noticed a felid
    24 | D:1      | Noticed a tengu
    26 | D:1      | Noticed an octopode
    26 | D:1      | Noticed a merfolk
    28 | D:1      | Noticed an oni
   108 | D:1      | Reached skill level 4 in Long Blades
   110 | D:1      | XOM: divination: magic mapping
   130 | D:1      | XOM: potion effect (invisibility)
   133 | D:1      | Reached XP level 2. HP: 24/24 MP: 2/2
   356 | D:1      | XOM: divination: detect creatures
   567 | D:1      | XOM: god gift: book of Chaos
   812 | D:2      | XOM is BORED!
   812 | D:2      | XOM: 3-stop teleportation journey
   919 | D:2      | Found a hide-covered altar of Uskayaw.
  1039 | D:2      | Reached skill level 1 in Stealth
  1039 | D:2      | Reached XP level 3. HP: 29/29 MP: 3/3
  1217 | D:2      | XOM: scenery: create altars
  1321 | D:2      | Found Juengieliwn's Assorted Antiques.
  1594 | D:2      | XOM: scenery: 1 doors open, 1 doors close
  1677 | D:3      | XOM: polymorph kobold -> endoplasm
  1807 | D:3      | XOM: scenery: create altars
  1931 | D:3      | Reached skill level 5 in Long Blades
  2175 | D:3      | Noticed Ijyb
  2225 | D:4      | Noticed an ogre
  2226 | D:4      | XOM: potion effect (brilliance)
  2238 | D:4      | Killed from afar by an orc priest

Illustrated notes

Levels and vault maps discovered:
D:1:      kb_arrival_jail, layout_basic
D:2:      layout_basic, basic_altar, serial_shops, nicolae_shop_crystal
D:3:      layout_loops_corners, uniq_sigmund, uniq_crazy_yiuf_cottage, uniq_ijyb
D:4:      layout_loops_ring, minmay_temple_entry_wispy,
          biasface_ghost_orc_armoury, minmay_diced_spiral, uniq_natasha,
          uniq_pargi

Skill      XL: |  1  2  3 |
---------------+----------+-----
Long Blades    | 4 5 |  5.1
Stealth        | 1 |  1.7
Fighting       | |  3.2
Armour         | |  0.6
Dodging        | |  2.6

Action                     || total
---------------------------++-------
  Melee: Falchion          ||    73
   Stab: Sleeping          ||     4
         Invisible         ||     1
 Armour: Leather armour    ||    37
  Dodge: Dodged            ||    44

Table legend: (Time is in decaauts)
 A = Elapsed time spent in this place.
 B = Non-inter-level travel time spent in this place.
 C = Inter-level travel time spent in this place.
 D = Time resting spent in this place.
 E = Time spent auto-exploring this place.
 F = Levels seen in this place.
 G = Mean time per level.
                   A        B        C        D        E       F      G
               +--------+--------+--------+--------+--------+-----+--------+
         Total |   2242 |   2126 |    116 |      0 |   1852 |   4 |  560.5 |
       Dungeon |   2242 |   2126 |    116 |      0 |   1852 |   4 |  560.5 |
               +--------+--------+--------+--------+--------+-----+--------+

Top non-repeatable levels by time:
     D:2: 956 daAuts
     D:1: 710 daAuts
     D:3: 543 daAuts
     D:4: 31 daAuts
